 Dungeon Crawl Stone Soup version 0.26.1-11-gd32895ea62 (webtiles) character file.

Game seed: 17140759932042725503

635 Zeld the Cleaver (level 7, 0/57 HPs)
             Began as a Minotaur Berserker on May 28, 2021.
             Was a Believer of Trog.
             Slain by a centaur zombie (6 damage)
             ... on level 5 of the Dungeon.
             The game lasted 00:04:47 (5982 turns).

Zeld the Cleaver (Minotaur Berserker)               Turns: 5982, Time: 00:04:48

Health: 0/57       AC:  1    Str: 24    XL:     7   Next: 25%
Magic:  6/6        EV: 12    Int:  4    God:    Trog [**....]
Gold:   65         SH:  0    Dex:  9    Spells: 6/6 levels left

rFire    . . .     SeeInvis .   a - +0 hand axe
rCold    . . .     Faith    .   (no shield)
rNeg     . . .     Spirit   .   (no armour)
rPois    .         Reflect  .   (helmet restricted)
rElec    .         Harm     .   (no cloak)
rCorr    .         Rampage  .   (no gloves)
Will     .....                  m - +0 pair of boots
Stlth    +.........             (no amulet)
HPRegen  0.19/turn              (no ring)
MPRegen  0.10/turn              (no ring)

@: berserk cooldown
A: retaliatory headbutt, horns 2
a: Renounce Religion, Berserk, Trog's Hand


You were on level 5 of the Dungeon.
You worshipped Trog.
Trog was pleased with you.
You visited 1 branch of the dungeon, and saw 6 of its levels.
You also visited: Sewer.

You collected 65 gold pieces.

Inventory:

Hand Weapons
 a - a +0 hand axe (weapon)
Armour
 m - a +0 pair of boots (worn)
Jewellery
 b - an uncursed amulet of reflection {unknown}
 l - an uncursed amulet of the acrobat {unknown}
Scrolls
 c - 2 scrolls of identify {unknown}
 f - a scroll of fear {unknown}
 g - 4 scrolls of teleportation
 k - a scroll of enchant weapon {unknown}
 n - a scroll of remove curse {unknown}
 o - a scroll of noise {unknown}
Potions
 d - a potion of cancellation {unknown}
 e - 2 potions of curing {unknown}
 h - 2 potions of heal wounds {unknown}
 i - a potion of might {unknown}
 j - 2 potions of magic {unknown}


   Skills:
 - Level 3.6 Fighting
 * Level 10.1 Axes
 - Level 2.4 Armour
 - Level 2.1 Dodging


You had 6 spell levels left.
You didn't know any spells.
Your spell library was empty.

Dungeon Overview and Level Annotations

Branches:
Dungeon (6/15)              Sewer (visited)
 Temple: D:4-7

Altars:
Dithmenos
Elyvilon
Hepliaklqana
Qazlal
Uskayaw
Yredelemnul


Innate Abilities, Weirdness & Mutations

You reflexively headbutt those who attack you in melee.
You have a pair of horns on your head.


Message History

The phantom barely misses you. The phantom hits you!
* * * LOW HITPOINT WARNING * * *
The phantom hits you!
* * * LOW HITPOINT WARNING * * *
The phantom blinks!
You feel yourself speed up.
Found a stone staircase leading up.
The phantom blinks!
There is a stone staircase leading up here.
You climb upwards.
A centaur zombie comes into view.
Found three items.
There is a stone staircase leading down here.
A centaur zombie is nearby!
A centaur zombie is nearby!
You hit the centaur zombie. You headbutt the centaur zombie!
The centaur zombie is heavily damaged.
The centaur zombie hits you.
You die...

#.# #.# ##.# ##^#
##.# ####### ##.#
#.....#
##.#####.####.....#
##....<........Z..#
..######.# #?..@.#
#.# #.!...# #.#
###.### #.# #. #.#
#. #.# #. #.# #.
#.# #. #.#


You could see a centaur zombie.

Vanquished Creatures
  2 phantoms (D:4)
  A centaur (D:6)
  A scorpion (D:5)
  A hound (D:4)
  2 orc wizards (D:5)
  A centaur skeleton (D:4)
  2 worker ants (D:4)
  11 adders
  3 worms
  A dart slug (D:1)
  A leopard gecko (D:4)
  8 orcs
  4 giant cockroaches
  4 goblins
  15 jackals
  2 quokkas
  4 ball pythons
  2 bats
  4 frilled lizards
  7 kobolds
  4 rats
80 creatures vanquished.

Vanquished Creatures (others)
  14 plants (Sewer)
  A withered plant (D:5)
15 creatures vanquished.

Grand Total: 95 creatures vanquished

Notes
Turn   | Place    | Note
-------+----------+-------------------------------------------
     0 | D:1      | Zeld the Minotaur Berserker began the quest for the Orb.
     0 | D:1      | Reached XP level 1. HP: 19/19 MP: 0/0
   211 | D:1      | Reached skill level 4 in Axes
   218 | D:1      | Reached XP level 2. HP: 20/26 MP: 1/1
   244 | D:2      | Reached skill level 5 in Axes
   582 | D:2      | Reached XP level 3. HP: 18/31 MP: 2/2
  1021 | D:2      | Found a white marble altar of Elyvilon.
  1022 | D:2      | Found a hazy altar of Hepliaklqana.
  1023 | D:2      | Found a shadowy altar of Dithmenos.
  1030 | D:2      | Found a stormy altar of Qazlal.
  1033 | D:2      | Found a hide-covered altar of Uskayaw.
  1187 | D:2      | Reached ** piety under Trog
  1714 | D:2      | Reached skill level 6 in Axes
  1714 | D:2      | Reached XP level 4. HP: 29/39 MP: 3/3
  1944 | D:4      | Noticed a phantom
  1974 | D:4      | Killed a phantom
  1975 | D:4      | Reached skill level 7 in Axes
  1975 | D:4      | Reached XP level 5. HP: 34/45 MP: 4/4
  2215 | D:4      | Reached skill level 8 in Axes
  2298 | D:4      | Found a glowing drain.
  2307 | Sewer    | Entered a sewer
  2697 | Sewer    | Reached XP level 6. HP: 44/51 MP: 5/5
  4271 | D:4      | Reached skill level 9 in Axes
  4425 | D:4      | Found the +6 lightning scales {run, rElec}
  4815 | D:5      | Entered Level 5 of the Dungeon
  4902 | D:5      | Found a basalt altar of Yredelemnul.
  5131 | D:5      | Reached XP level 7. HP: 19/57 MP: 6/6
  5609 | D:6      | Reached skill level 10 in Axes
  5982 | D:5      | Slain by a centaur zombie

Illustrated notes

Levels and vault maps discovered:
D:1:      lightli_arrival_windingriver, layout_basic, fountainhead
D:2:      layout_basic, minmay_overflow_temple_star_hex
D:3:      layout_loops_ring, chequers_ecumenical_altar_twisty,
          hangedman_decor_push, xom_teletrap_fun
D:4:      layout_loops_ring, lightli_sewer_entry_pipes
D:5:      layout_loops_ring, yredelemnul_altar_generic, gammafunk_ghost_smash
D:6:      layout_basic, kennysheep_little_box

Skill      XL: |  1  2  3  4  5  6  7 |
---------------+----------------------+-----
Axes           | 4 5 6 7 8 9 10 | 10.1
Fighting       | |  3.6
Armour         | |  2.4
Dodging        | |  2.1

Action                   |  1- 3 |  4- 6 |  7- 9 || total
-------------------------+-------+-------+-------++-------
Melee: Hand axe          |    60 |   142 |    18 ||   220
       Headbutt          |     9 |    20 |     4 ||    33
Invok: Berserk           |     2 |     6 |     2 ||    10
       Trog's Hand       |     1 |     1 |       ||     2
  Use: Scroll            |       |       |     1 ||     1
Armor: Skin              |       |     1 |     2 ||     3
Dodge: Dodged            |    36 |    72 |     8 ||   116
